 Dungeon Crawl Stone Soup version 0.29-a0-275-g389c0b56f3 (webtiles) character file.

Game seed: 4459201088058890057

235 spaghetti the Magician (level 6, -2/63 HPs)
             Began as an Octopode Chaos Knight on Mar 10, 2022.
             Was an Initiate of Gozag.
             Slain by a hound (4 damage)
             ... on level 4 of the Dungeon.
             The game lasted 00:04:54 (2399 turns).

spaghetti the Magician (Octopode Chaos Knight)      Turns: 2399, Time: 00:04:55

Health: -2/63      AC:  1    Str: 11    XL:     6   Next: 6%
Magic:  12/12      EV: 14    Int: 21    God:    Gozag
Gold:   39         SH:  0    Dex: 13    Spells: 13/13 levels left

rFire   . . .      SeeInvis .   j - +3 halberd {polearm}
rCold   . . .      Faith    .   (shield currently unavailable)
rNeg    . . .      Spirit   .   (helmet restricted)
rPois   .          Reflect  .   (no amulet)
rElec   .          Harm     .   e - +6 ring of intelligence
rCorr   .          Rampage  .   (no ring)
Will    .....                   (no ring)
Stlth   ..........              (no ring)
HPRegen 0.20/turn               (no ring)
MPRegen 0.13/turn               (no ring)
                                (no ring)
                                (no ring)

@: brilliant, berserking, very quick
A: almost no armour, amphibious, 8 rings, camouflage 1, gelatinous body 1,
(nimble swimmer 1), tentacles
a: Renounce Religion, Potion Petition, Call Merchant, Bribe Branch


You were on level 4 of the Dungeon.
You worshipped Gozag.
Gozag was noncommittal.
You visited 1 branch of the dungeon, and saw 4 of its levels.

You collected 60 gold pieces.
You paid 21 gold pieces to Gozag.


Innate Abilities, Weirdness & Mutations

You cannot wear most types of armour.
You are amphibious.
You can wear up to eight rings at the same time.
Your skin changes colour to match your surroundings (Stealth+).
Your rubbery body absorbs attacks. (AC +1, EV +1)
((You are camouflaged when in or above water. (Stealth+)))
You have tentacles for arms and can constrict up to eight enemies at once.


   Skills:
 - Level 3.0 Fighting
 - Level 3.0 Long Blades
 - Level 3.8 Dodging
 + Level 4.3 Spellcasting


You had 13 spell levels left.
You didn't know any spells.
Your spell library contained the following spells:

 Spells                   Type           Power      Damage    Failure   Level
 Passage of Golubria      Tloc           6%         N/A       75%         4
 Silence                  Hex/Air        3%         N/A       97%         5
 Lehudib's Crystal Spear  Conj/Erth      3%         10d2      100%        8

Inventory:

Hand Weapons
 a - a +0 falchion of chaos {long}
 j - a +3 halberd (weapon) {polearm}
   (You took it off a wight on level 4 of the Dungeon)
 k - a +2 short sword {short}
   (You took it off a wight on level 4 of the Dungeon)
Missiles
 c - 25 stones {throwing}
 d - 4 poisoned darts {throwing}
Jewellery
 e - a +6 ring of intelligence (left tentacle)
   (Xom gifted it to you on level 3 of the Dungeon)
Scrolls
 h - a scroll of enchant armour
Potions
 i - a potion of haste {unknown}

Dungeon Overview and Level Annotations

Branches:
Dungeon (4/15)
 Temple: D:4-7

Altars:
Gozag
Wu Jian
Xom

Shops:
D:3

=[? #.# .# ....
###...# #.....
....# ### .g..#
#.###.g.#
##_l≈#$#.#
#8@oo'o..#
##_h≈#.### #.###.#
. #####.# ..
#.##..#
###.###.##.##
........##.######.
#............
#.###.######.


You could see an iguana, a hound, an orc priest and 2 orcs.


Message History

Found an ornate altar of the Wu Jian Council and an opulent altar of Gozag.
A gnoll comes into view. It is wielding a +0 club.
There is an open door here.
There is an opulent altar of Gozag here.
You curl up in front of the altar of Gozag.
You have lost your religion!
Xom does not appreciate desertion!
Gozag welcomes you!
You pay a service fee of 21 gold.
An iguana comes into view.
The iguana hisses angrily.
The gnoll shouts!
The hound barks!
You hear a shout!
An orc comes into view. It is wielding a +0 short sword.
The gnoll completely misses you.
An orc comes into view. It is wielding a +0 club.
An orc priest comes into view. It is wielding a +0 flail.
The orc shouts!
You hear a shout!
There is an open door here.
The orc priest shouts!
You slash the gnoll! Your grab misses the gnoll. The gnoll misses you.
The gnoll hits you from afar with a +0 spear of freezing!
The gnoll freezes you. The gnoll barely misses you. 😕 HP[-10]
You take 10 damage, and now have 32/42 hp.
MASSIVE DAMAGE!! (PAUSE)
You puncture the gnoll!
You kill the gnoll!
The gnoll is distracted by your dazzling golden aura.
The hound closely misses you.
The gnoll shouts!
You slash the hound! Your grab misses the hound.
You hear a shout!
The gnoll is no longer distracted by gold.
The hound bites you. The gnoll completely misses you.
The hound bites you but does no damage. The gnoll misses you.
The hound bites you.
The gnoll is distracted by your dazzling golden aura. 😮 HP[-4]
You take 4 damage, and now have 28/42 hp.
It was a potion of brilliance.
You feel clever all of a sudden.
The gnoll is no longer distracted by gold.
The hound completely misses you.
It was a potion of ambrosia.
You are confused.
You feel invigorated. The hound completely misses you.
The hound bites you. 😮 HP[-2]
You take 2 damage, and now have 26/42 hp.
You're too confused to attack without stumbling around! 😮 HP[+5]
You regained 5 hp, and now have 31/42 hp.
The hound closely misses you.
There is an ornate altar of the Wu Jian Council here. 😕 HP[+4]
You regained 4 hp, and now have 35/42 hp.
You closely miss the hound. The hound bites you.
The orc is distracted by your dazzling golden aura.
The hound bites you. 😕 HP[-2]
You take 2 damage, and now have 33/42 hp.
The hound bites you. The orc closely misses you.
The hound barely misses you. 😕 HP[-1]
You take 1 damage, and now have 32/42 hp.
You barely miss the orc. The orc barely misses you. The iguana bites you!
The hound bites you.
* * * LOW HITPOINT WARNING * * *
The orc closely misses you. The iguana misses you. The hound bites you.
* * * LOW HITPOINT WARNING * * *
😨 HP[-13]
You take 13 damage, and now have 19/42 hp.
MASSIVE DAMAGE!! (PAUSE)
The orc shouts!
You hit the orc but do no damage.
You feel less invigorated.
You feel less confused. The hound closely misses you.
The orc hits you with a +0 short sword.
* * * LOW HITPOINT WARNING * * *
The iguana hisses menacingly.
The iguana bites you but does no damage.
The hound bites you.
* * * LOW HITPOINT WARNING * * *
😨 HP[-2]
You take 2 damage, and now have 17/42 hp.
It was a potion of berserk rage.
A red film seems to cover your vision as you go berserk!
You feel yourself moving faster!
You feel mighty!
The orc is no longer distracted by gold.
The hound bites you.
* * * LOW HITPOINT WARNING * * *
The orc hits you with a +0 short sword.
* * * LOW HITPOINT WARNING * * *
The iguana misses you. The hound bites you.
* * * LOW HITPOINT WARNING * * *
😱 HP[-3]
You now have 63 max hp (+21).
You hit the iguana. Your grab misses the iguana.
Your squeeze misses the iguana. The orc barely misses you.
The iguana bites you!
* * * LOW HITPOINT WARNING * * *
The hound bites you.
You die...
Your body crumbles into a pile of gold.

Skill      XL: |  1  2  3  4  5 |
---------------+----------------+-----
Dodging        | 3 |  3.8
Spellcasting   | 1 2 4 |  4.3
Fighting       | |  3.0
Long Blades    | |  3.0

Action                   |  1- 3 |  4- 6 || total
-------------------------+-------+-------++-------
Melee: Falchion          |    57 |    16 ||    73
       Constrict         |    14 |     3 ||    17
       Tentacles         |     9 |     4 ||    13
       Halberd           |       |     7 ||     7
Evoke: Piece from Xom's  |    14 |       ||    14
  Use: Scroll            |     6 |       ||     6
       Potion            |       |     3 ||     3
 Stab: Sleeping          |     5 |       ||     5
       Petrified         |     3 |       ||     3
       Confused          |       |     1 ||     1
Armor: Skin              |     9 |     2 ||    11
Dodge: Dodged            |    56 |    23 ||    79

Levels and vault maps discovered:
D:1:      dpeg_arrival_pond, layout_loops_ring, minmay_statues_item,
          minmay_pentomino_x2
D:2:      layout_rooms, hellmonk_ecumenical_altar_run_dry
D:3:      layout_basic, serial_shops, shop, shop, nicolae_lakefront_shop,
          minmay_misc_feat_nine_boxes
D:4:      layout_loops_ring, gammafunk_temple_overflow_statue,
          minmay_temple_entry_crystal_x

Notes
Turn   | Place    | Note
-------+----------+-------------------------------------------
     0 | D:1      | spaghetti the Octopode Chaos Knight began the quest for the
                  | Orb.
     0 | D:1      | Reached XP level 1. HP: 16/16 MP: 1/1
     0 | D:1      | magus.rc [v1.9.6]
    62 | D:1      | You fall into a shaft and drop 1 floor!
    68 | D:2      | Reached skill level 3 in Dodging
    68 | D:2      | Reached XP level 2. HP: 11/21 MP: 2/2
    70 | D:2      | HP: 5/21 [frilled lizard (3)]
    84 | D:2      | HP: 2/21 [giant cockroach (2)]
    89 | D:2      | HP: 1/21 [bat (1)]
    90 | D:3      | Found Lidatoytt's Magic Scroll Shoppe.
   425 | D:2      | XOM: cloud trail
   620 | D:2      | XOM: 8-stop teleportation journey
   659 | D:2      | Found a faded altar of an unknown god.
   675 | D:2      | Reached XP level 3. HP: 26/26 MP: 3/3
   806 | D:2      | You pick up a book of the Moon and begin reading...
   806 | D:2      | You add the spells Passage of Golubria, Silence and
                  | Lehudib's Crystal Spear to your library.
   827 | D:2      | XOM: butterfly on damage
   920 | D:2      | XOM: god gift: 12 gold pieces
  1256 | D:3      | Found Hefip's Armour Emporium.
  1324 | D:3      | XOM: noise
  1353 | D:3      | Reached skill level 1 in Spellcasting
  1397 | D:3      | Found Ucwim's Jewellery Emporium.
  1500 | D:3      | XOM: god gift: steel ring {god gift}
  2113 | D:4      | Reached XP level 4. HP: 31/31 MP: 6/6
  2114 | D:4      | XOM: scenery: create altars
  2211 | D:4      | Reached skill level 2 in Spellcasting
  2211 | D:4      | Reached XP level 5. HP: 25/36 MP: 6/9
  2218 | D:4      | XOM: silly message
  2252 | D:4      | XOM: stat loss: -1 Int (20/21)
  2304 | D:4      | Reached skill level 3 in Spellcasting
  2305 | D:4      | Reached skill level 4 in Spellcasting
  2305 | D:4      | Reached XP level 6. HP: 42/42 MP: 9/12
  2377 | D:4      | Found an ornate altar of the Wu Jian Council.
  2377 | D:4      | Found an opulent altar of Gozag.
  2382 | D:4      | Fell from the grace of Xom
  2382 | D:4      | Became a worshipper of Gozag Ym Sagoz the Greedy
  2398 | D:4      | HP: 14/63 [hound (5)]
  2399 | D:4      | HP: 2/63 [iguana (12)]
  2399 | D:4      | Slain by a hound

Vanquished Creatures
  3 wights (D:4)
  A gnoll (D:4)
  3 adders
  A worm (D:2)
  5 orcs (D:4)
  A bat (D:2)
  3 endoplasms
  3 giant cockroaches
  A goblin (D:2)
  A hobgoblin (D:3)
  2 kobolds
  A quokka (D:2)
  A ball python (D:2)
  4 frilled lizards
  3 rats (D:2)
33 creatures vanquished.

Table legend:
 A = Non-vault XP
 B = Vault XP
 C = Vault XP percentage of total XP
 D = Non-vault monster count
 E = Vault monster count
 F = Vault count percentage of total count
                 A         B        C        D         E       F
            +---------+---------+-------+---------+---------+-------
      Total |     337 |       0 |   0.0 |      33 |       0 |   0.0
            +---------+---------+-------+---------+---------+-------
        D:2 |      50 |       0 |   0.0 |      15 |       0 |   0.0
        D:3 |      23 |       0 |   0.0 |       7 |       0 |   0.0
        D:4 |     264 |       0 |   0.0 |      11 |       0 |   0.0
            +---------+---------+-------+---------+---------+-------

Illustrated notes

Table legend:
 A = Kills in this place as a percentage of kills in entire the game.
 B = Kills by you in this place as a percentage of kills by you in the entire game.
 C = Kills by friends in this place as a percentage of kills by friends in the entire game.
 D = Other kills in this place as a percentage of other kills in the entire game.
 E = Experience gained in this place as a percentage of experience gained in the entire game.
 F = Experience gained in this place divided by the number of levels of this place that you have seen.
                   A       B       C       D       E      F
               +-------+-------+-------+-------+-------+----------------------
         Total | 100.0 | 100.0 |   N/A |   N/A | 100.0 |  84.2
       Dungeon | 100.0 | 100.0 |   N/A |   N/A | 100.0 |  84.2
               +-------+-------+-------+-------+-------+----------------------

Table legend: (Time is in decaauts)
 A = Elapsed time spent in this place.
 B = Non-inter-level travel time spent in this place.
 C = Inter-level travel time spent in this place.
 D = Time resting spent in this place.
 E = Time spent auto-exploring this place.
 F = Levels seen in this place.
 G = Mean time per level.
                   A        B        C        D        E       F      G
               +--------+--------+--------+--------+--------+-----+--------+
         Total |   2411 |   2371 |     40 |    641 |   1432 |   4 |  602.8 |
       Dungeon |   2411 |   2371 |     40 |    641 |   1432 |   4 |  602.8 |
               +--------+--------+--------+--------+--------+-----+--------+

Top non-repeatable levels by time:
     D:3: 1137 daAuts
     D:2: 857 daAuts
     D:4: 354 daAuts
     D:1: 62 daAuts
